 Dungeon Crawl Stone Soup version 0.19-a0-1071-g4ed3155 (webtiles) character file.

260 4thArraOfDagon the Ruffian (level 5, -4/46 HPs)
             Began as a Troll Arcane Marksman on Aug 5, 2016.
             Was an Initiate of Dithmenos.
             Slain by Edmund
             ... wielding a +1 flail of crushing
              (10 damage)
             ... on level 5 of the Dungeon.
             The game lasted 00:06:12 (1100 turns).

4thArraOfDagon the Ruffian (Troll Arcane Marksman)  Turns: 1100, Time: 00:06:13

Health: -4/46      AC:  5    Str: 19    XL:     5   Next: 95%
Magic:  5/5        EV: 10    Int: 10    God:    Dithmenos [......]
Gold:   65         SH:  0    Dex:  9    Spells: 1 memorised, 5 levels left

rFire  . . .     SeeInvis .       - Unarmed
rCold  . . .     Gourm    +     a - +0 robe
rNeg   . . .     Faith    .     (no shield)
rPois  .         Spirit   .     (helmet restricted)
rElec  .         Dismiss  .     (no cloak)
rCorr  .         Reflect  .     (gloves unavailable)
SustAt .         Harm     .     (boots unavailable)
MR     .....                    (no amulet)
Stlth  +.........               (no ring)
                                (no ring)

@: hasted, very quick
A: unfitting armour, claws 3, fast metabolism 3, gourmand, regeneration 2,
shaggy fur 1, tough skin 2
a: Renounce Religion


You were on level 5 of the Dungeon.
You worshipped Dithmenos.
Dithmenos was noncommittal.
You were very full.

You visited 2 branches of the dungeon, and saw 6 of its levels.

You collected 65 gold pieces.

Inventory:

Missiles
 c - 4 large rocks (quivered)
 d - 2 throwing nets
 q - 3 javelins of penetration
Armour
 a - a +0 robe (worn)
Wands
 i - a wand of lightning (10/15)
 o - a wand of digging (14/24)
Scrolls
 e - a scroll of blinking {unknown}
 h - a scroll of immolation {unknown}
 p - 2 scrolls of random uselessness {unknown}
Potions
 g - a potion of degeneration {unknown}
 j - a potion of magic {unknown}
 m - a potion of cancellation
 n - a potion of haste
 r - a potion of agility {unknown}
 s - a potion of ambrosia {unknown}
Books
 b - a book of Debilitation

   Spells                             Type                      Level
   a - Corona                         Hexes                        1
   b - Slow                           Hexes                        2
   c - Gell's Gravitas                Hexes/Translocation          3
   d - Inner Flame                    Hexes/Fire                   3
   e - Cause Fear                     Hexes                        4
   f - Leda's Liquefaction            Hexes/Earth                  4
Comestibles
 f - 4 bread rations
 k - 2 meat rations
 l - a slice of pizza


   Skills:
 - Level 0.7 Fighting
 - Level 1.7 Throwing
 - Level 1.5 Dodging
 * Level 5.8 Unarmed Combat
 - Level 1.0 Spellcasting
 - Level 2.0 Hexes


You had 5 spell levels left.
You knew the following spells:

 Your Spells              Type           Power        Failure   Level  Hunger
a - Corona                Hex            #......      17%         1    ##.....


Dungeon Overview and Level Annotations

Branches:
Dungeon (5/15)             Temple (1/1) D:5

Altars:
Ashenzari
Cheibriados
Dithmenos
Elyvilon
Fedhas
Gozag
Hepliaklqana
Kikubaaqudgha
Makhleb
Nemelex Xobeh
Okawaru
Pakellas
Qazlal
Ru
Sif Muna
Trog
Vehumet
Xom
Yredelemnul
Zin
The Shining One

Annotations:
D:3 Sigmund; skk's ghost, amateur OpEn
D:5 Edmund


Innate Abilities, Weirdness & Mutations

You are too large for most types of armour.
You have claws for hands.
Your metabolism is lightning-fast.
You like to eat raw meat.
You heal very quickly.
You are covered in fur. (AC +1)
You have very tough skin. (AC +2)


Message History

You completely miss Edmund.
Edmund is heavily wounded.
You claw Edmund!
Edmund is almost dead.
Edmund hits you with a flail of crushing.
You scratch Edmund.
Edmund is almost dead.
Edmund hits you with a flail of crushing.
You closely miss Edmund.
Edmund is almost dead.
Edmund hits you with a flail of crushing!
* * * LOW HITPOINT WARNING * * *
x2 You are too injured to fight recklessly!
Unknown command.
It was a potion of cancellation.
You feel magically purged.
Unknown command.
Unknown command.
It was a potion of haste.
You feel yourself speed up.
Edmund hits you with a flail of crushing!
You die...

######....############.#.#.#
.....<.......>...,,*...#.#.#
#.###.###..##.####.#.#.#.#.#
....#...#...#....#.#.#.#.#.#
#.#...#.##.....#.#.#.###.#.#
#.###.#.##...#.#.#.......#.#
......#.#....#.#..%..#*###.###
#.#####.#...##.......# #...#
..(...%.#....!..@.##.#######.#
..#######.#.#####@#*,#.......#
..#*,,,*#.#.# #c##.#.#######
#.#*,,,*#+#+#***#....#..<#
#.#*,,,,,,....c..#########
#.#*,,,,,,....##.,,,,,*
#>##,,,,,,..,,+..,,,,,*
...#,,,,,,,,,,##.,,,,,*
...#**,,,,,,,,*#.,,,,,*


You could see Edmund and a centaur.

Vanquished Creatures
  An orc priest (D:5)
  An iguana (D:4)
  A worker ant (D:5)
  Natasha (thrice) (D:4)
  A hound zombie (D:5)
  A hound skeleton (D:4)
  A worker ant zombie (D:5)
  3 adders
  3 worms
  A giant gecko (D:2)
  4 orcs
  A giant cockroach (D:5)
  7 jackals
  A quokka (D:5)
  A ball python (D:3)
  A bat (D:1)
  4 giant newts
  2 kobolds
  3 rats (D:2)
  A spectral orc (D:5)
41 creatures vanquished.

Notes
Turn   | Place    | Note
-------+----------+-------------------------------------------
     0 | D:1      | 4thArraOfDagon the Troll Arcane Marksman began the quest for the Orb.
     0 | D:1      | Reached XP level 1. HP: 18/18 MP: 1/1
    32 | D:1      | Reached skill level 1 in Unarmed Combat
    55 | D:1      | Reached XP level 2. HP: 24/26 MP: 2/2
   153 | D:2      | Reached skill level 2 in Unarmed Combat
   209 | D:2      | Reached XP level 3. HP: 32/32 MP: 3/3
   293 | D:3      | Noticed skk's ghost (amateur OpEn)
   295 | D:4      | Noticed Natasha
   306 | D:4      | Killed Natasha
   306 | D:4      | Reached skill level 3 in Unarmed Combat
   341 | D:4      | Noticed Natasha
   348 | D:4      | Killed Natasha
   348 | D:4      | Reached skill level 4 in Unarmed Combat
   348 | D:4      | Reached XP level 4. HP: 35/40 MP: 4/4
   354 | D:4      | Noticed Natasha
   374 | D:4      | Killed Natasha
   417 | D:4      | Reached XP level 5. HP: 40/46 MP: 5/5
   451 | D:5      | Entered Level 5 of the Dungeon
   511 | D:5      | Reached skill level 5 in Unarmed Combat
   567 | D:5      | Found a staircase to the Ecumenical Temple.
   583 | Temple   | Entered the Ecumenical Temple
   722 | Temple   | Became a worshipper of Dithmenos the Shadowed
   763 | D:5      | Found a basalt altar of Yredelemnul.
   907 | D:4      | Found a snail-covered altar of Cheibriados.
   932 | D:3      | Noticed Sigmund
   976 | D:5      | Found a shattered altar of Ashenzari.
  1084 | D:5      | Noticed Edmund
  1087 | D:5      | Noticed a centaur
  1100 | D:5      | Slain by Edmund

Vault maps used:
D:1:      lemuel_arrival_behind_the_door_small, serial_park_tiny_2
D:2:      nrook_mini_vaults, minmay_pentomino_p2
D:3:      minmay_misc_feat_x, minmay_box_of_dots, uniq_sigmund
D:4:      kennysheep_little_box, sigmund_army, uniq_natasha, uniq_pikel
D:5:      kennysheep_steamy, cheibrodos_ashenzari_chains,
          yredelemnul_forgotten_temple_becter, serial_shops, nicolae_shop_trees,
          first_bread, uniq_edmund
Temple:   eino_narrow_crystal_temple

Skill      XL: |  1  2  3  4  5 |
---------------+----------------+-----
Unarmed Combat | 1 2 4 5 |  5.8
Fighting       | |  0.7
Throwing       | |  1.7
Dodging        | |  1.5
Spellcasting   | |  1.0
Hexes          | |  2.0

Action                   |  1- 3 |  4- 6 || total
-------------------------+-------+-------++-------
Melee: Unarmed           |    85 |    80 ||   165
  Use: Scroll            |       |     2 ||     2
       Potion            |       |     2 ||     2
 Stab: Sleeping          |       |     1 ||     1
  Eat: Chunk             |     2 |    12 ||    14
Armor: Robe              |    28 |    12 ||    40
Dodge: Dodged            |    49 |    35 ||    84
